 Dungeon Crawl Stone Soup version 0.27.0-1-g7a089689b8 (webtiles) character file.

Game seed: 12253139009354547732

10551 ABBCCCDDDD the Carver (level 11, 0/127 HPs)
             Began as a Djinni Fighter on Aug 5, 2021.
             Was a Priest of Trog.
             Slain by a minotaur (7 damage)
             ... in a Gauntlet.
             The game lasted 00:33:02 (15164 turns).

ABBCCCDDDD the Carver (Djinni Fighter)             Turns: 15164, Time: 00:33:03

Health: 0/127      AC: 10    Str: 22    XL:     11   Next: 95%
Gold:   516        EV: 11    Int: 17    God:    Trog [***...] SH: 10 Dex: 10

rFire    + + .     SeeInvis .   a - +0 long sword
rCold    x . .     Faith    .   c - +0 kite shield
rNeg     . . .     Spirit   .   p - +0 chain mail
rPois    ∞         Reflect  .   (no helmet)
rElec    +         Harm     .   E - +0 cloak
rCorr    .         Rampage  .   (no gloves)
Will     ++++.     NoTele   +   (boots unavailable)
Stlth    ..........             (no amulet)
HPRegen  1.31/turn              M - ring of Mupinol {rElec rC+ Will+ Int+3 Stlth+}
MPRegen  0.00/turn              y - ring "Destojops" {rC- EV+4 Str+4 Int+3 Dex-2}

@: berserking, strong-willed, flying, regenerating, very quick
A: sickness immunity, fire resistance 2, cold vulnerability 1, float, innate
caster, hp casting, extra vitality 1
a: Renounce Religion, Berserk, Trog's Hand


You were in a Gauntlet.
You worshipped Trog.
Trog was most pleased with you.
You visited 2 branches of the dungeon, and saw 12 of its levels.
You also visited: Sewer and Gauntlet.

You collected 516 gold pieces.

Inventory:

Hand Weapons
 a - a +0 long sword (weapon)
 i - a +2 dagger of speed
Missiles
 o - 58 poisoned darts (quivered)
Armour
 b - a +0 scale mail
 c - a +0 kite shield (worn)
 m - the +1 ring mail of Woyghaneud {rElec rPois Dex+4 Stlth-}
   (You found it on level 7 of the Dungeon)

   Dex:       It affects your dexterity (+4).
   rElec:     It insulates you from electricity.
   rPois:     It protects you from poison.
   Stlth:     It makes you less stealthy.
 p - a +0 chain mail (worn)
 E - a +0 cloak (worn)
Jewellery
 e - a ring of resist corrosion
 f - a ring of positive energy
 k - a ring of ice
 y - the ring "Destojops" (right hand) {rC- EV+4 Str+4 Int+3 Dex-2}
   (You found it in a Gauntlet)

   [ring of evasion]

   EV:        It affects your evasion (+4).
   Str:       It affects your strength (+4).
   Int:       It affects your intelligence (+3).
   Dex:       It affects your dexterity (-2).
   rC:        It makes you vulnerable to cold.
 J - a ring of see invisible
 L - a ring of protection from fire
 M - the ring of Mupinol (left hand) {rElec rC+ Will+ Int+3 Stlth+}
   (You found it in a Gauntlet)

   [ring of protection from cold]

   Int:       It affects your intelligence (+3).
   rC:        It protects you from cold.
   rElec:     It insulates you from electricity.
   Will:      It increases your willpower.
   Stlth:     It makes you more stealthy.
Wands
 B - a wand of flame (26)
 C - a wand of polymorph (7)
 D - a wand of paralysis (2)
 F - a wand of digging (5)
 I - a wand of iceblast (6)
 N - a wand of charming (10)
Scrolls
 g - 4 scrolls of teleportation
 h - a scroll of enchant armour
 n - 2 scrolls of enchant weapon
 r - a scroll of vulnerability
 t - 4 scrolls of blinking {unknown}
 v - a scroll of silence
 z - 2 scrolls of immolation {unknown}
 H - a scroll of fog
 K - 2 scrolls of magic mapping {unknown}
Potions
 d - 2 potions of might
 j - 2 potions of ambrosia
 l - a potion of mutation
 q - 5 potions of heal wounds
 s - a potion of experience {unknown}
 u - 2 potions of attraction {unknown}
 w - a potion of brilliance {unknown}
 x - 3 potions of curing
 A - a potion of flight {unknown}
 G - a potion of cancellation {unknown}
 O - a potion of magic {unknown}


   Skills:
 - Level 10.0 Fighting
 + Level 10.9 Long Blades
 + Level 3.8 Armour
 + Level 5.6 Dodging
 - Level 2.0 Stealth
 + Level 6.4 Shields
 - Level 5.0 Evocations


You couldn't memorise any spells.
You knew the following spells:

 Your Spells              Type           Power      Damage    Failure   Level
a - Apportation           Tloc           0%         N/A       99%         1
b - Passwall              Tmut/Erth      0%         N/A       100%        2
c - Slow                  Hex            0%         N/A       100%        2
d - Spider Form           Tmut/Pois      0%         N/A       100%        3
e - Summon Forest         Summ/Tloc      0%         N/A       100%        5
Your spell library was empty.


Dungeon Overview and Level Annotations

Branches:
Dungeon (11/15)            Temple (0/1) D:7            Lair (1/6) D:8
    Orc (0/2) D:9           Sewer (visited)         Gauntlet (1/1)

Altars:
Ashenzari
Dithmenos
Elyvilon
Fedhas
Gozag
Hepliaklqana
Kikubaaqudgha
Qazlal
Sif Muna
Trog
Vehumet

Annotations:
D:8 exclusion: downstairs
D:11 1 runed translucent door Gauntlet 8 transporters, 1 runed translucent door, exclusion: lightning spire


Innate Abilities, Weirdness & Mutations

You are immune to sickness and miasma.
You are immune to poison.
Your flesh is very heat resistant. (rF++)
You are vulnerable to cold. (rC-)
You float through the air rather than walking.
You learn spells naturally, not from books.
Your magical power is your life essence.
You have superior vitality. (+4 HP)


Message History

Okay, then.
Unknown command.
There is a transporter landing site here.
Your skin crawls.
You feel strong-willed.
You reach down and open the door.
A minotaur comes into view.
It is wielding the +7 flail "Grim Tooth" {pain, +Rage rPois Str+8 Dex-3} and quivering silver javelins.
The minotaur bellows!
The minotaur throws a silver javelin.
The silver javelin pierces through you.
Found a wand of charming (13).
Found a gate leading back out of this place.
Okay, then.
Unknown command.
Aiming: Iceblast
Press: ? - help, Shift-Dir - straight line The mass of ice explodes!
The minotaur hits you with the +7 flail "Grim Tooth" {pain, +Rage rPois Str+8 Dex-3}!!
You writhe in agony.
The minotaur gores you!
A red film seems to cover your vision as you go berserk!
You feel yourself moving faster!
You feel mighty!
The minotaur hits you with the +7 flail "Grim Tooth" {pain, +Rage rPois Str+8 Dex-3}!!
You writhe in agony.
The minotaur gores you!
You slash the minotaur!
The minotaur is moderately wounded.
You completely miss the minotaur.
The minotaur is moderately wounded.
The minotaur hits you with the +7 flail "Grim Tooth" {pain, +Rage rPois Str+8 Dex-3}!
* * * LOW HITPOINT WARNING * * *
You writhe in agony.
* * * LOW HITPOINT WARNING * * *
The minotaur gores you.
* * * LOW HITPOINT WARNING * * *
You hit the minotaur.
The minotaur is moderately wounded.
The minotaur hits you with the +7 flail "Grim Tooth" {pain, +Rage rPois Str+8 Dex-3}!!
* * * LOW HITPOINT WARNING * * *
You writhe in agony.
* * * LOW HITPOINT WARNING * * *
The minotaur gores you!
You die...

#≈...#.. ##...#.s
######### #≈...###
####.##....######......
#....##.##....####.8...
##.##....##.##..##≈.....
#..##.##....##...##...##
##....##.##.......#...#.
##.##..@.##.##.©8.#...#)
#.######H...##....#...##
###∩H..'.##....©8.#.8.#§
######.##.##....#...##
#....##.©8.#...#.
#.##.......#§..#:
..##.##...##§..## #...
#..##≈..... #.#
..####.8...


You could see a minotaur.

Vanquished Creatures
  A two-headed ogre (D:11)
  A death drake (Gauntlet)
  Pikel (D:5)
  2 spectral centaurs (Gauntlet)
  An apocalypse crab (Gauntlet)
  A cane toad (D:8)
  A hornet (D:9)
  Grinder (D:3)
  Sigmund (D:5)
  12 yaks
  A wraith (D:10)
  Eustachio (D:5)
  Menkaure (D:6)
  2 wargs (D:8)
  3 acid dragons
  4 water moccasins
  Duvessa (D:5)
  3 sky beasts
  3 orc warriors
  Purgy (Sewer)
  A hornet zombie (D:6)
  An ogre (D:7)
  2 ice beasts
  A centaur (D:7)
  The ghost of ABBCCCDDDD the Grave Robber, an amateur GrNe (D:3)
  2 kobold brigands
  A phantom (D:6)
  Blork the orc (D:6)
  5 bullfrogs
  2 gnoll sergeants
  2 scorpions
  Dowan (D:5)
  15 killer bees
  2 centaur zombies
  3 hounds
  2 bullfrog zombies
  3 bullfrog skeletons
  2 centaur skeletons
  5 orc priests
  An iguana (D:6)
  Jessica (D:2)
  Ijyb (D:3)
  9 orc wizards
  2 hound skeletons
  9 gnolls
  7 adders
  A white imp (D:7)
  4 ufetubi
  An adder zombie (D:5)
  2 adder skeletons (D:4)
  2 worms
  A dart slug (D:1)
  27 orcs
  11 ball pythons
  5 bats
  3 endoplasms
  2 giant cockroaches
  8 goblins
  8 hobgoblins
  15 jackals
  3 quokkas
  2 frilled lizards (D:3)
  21 kobolds
  2 rats
242 creatures vanquished.

Vanquished Creatures (others)
  3 plants
3 creatures vanquished.

Grand Total: 245 creatures vanquished

Notes
Turn   | Place    | Note
-------+----------+-------------------------------------------
     0 | D:1      | ABBCCCDDDD the Djinni Fighter began the quest for the Orb.
     0 | D:1      | Reached XP level 1. HP: 20/20 MP: 0/0
   155 | D:1      | Reached XP level 2. HP: 22/25 MP: 0/0
   265 | D:1      | Found a faded altar of an unknown god.
   274 | D:1      | Became a worshipper of Trog the Wrathful
   274 | D:1      | Reached * piety under Trog
   698 | D:1      | Reached XP level 3. HP: 29/30 MP: 0/0
   698 | D:1      | Learned a level 1 spell: Apportation
   755 | D:1      | You are sucked into a shaft and drop 1 floor!
  1140 | D:2      | Noticed Jessica
  1149 | D:2      | Killed Jessica
  1150 | D:2      | Reached XP level 4. HP: 36/36 MP: 0/0
  1688 | D:1      | Reached ** piety under Trog
  1808 | D:2      | Reached XP level 5. HP: 41/41 MP: 0/0
  1808 | D:2      | Learned a level 2 spell: Passwall
  2176 | D:3      | Found a shadowy altar of Dithmenos.
  2185 | D:3      | Found a white marble altar of Elyvilon.
  2201 | D:3      | Noticed Ijyb
  2214 | D:3      | Killed Ijyb
  2377 | D:3      | Found a glowing drain.
  2385 | Sewer    | Entered a sewer
  2429 | Sewer    | Noticed Purgy
  2440 | Sewer    | Killed Purgy
  2441 | Sewer    | Reached XP level 6. HP: 48/48 MP: 0/0
  2966 | D:3      | Reached skill level 5 in Long Blades
  3149 | D:3      | Found a stormy altar of Qazlal.
  3149 | D:3      | Noticed Grinder
  3158 | D:3      | Paralysed by Grinder for 3 turns
  3165 | D:3      | Killed Grinder
  3166 | D:3      | Reached skill level 5 in Fighting
  3166 | D:3      | Reached XP level 7. HP: 54/54 MP: 0/0
  3166 | D:3      | Learned a level 2 spell: Slow
  3528 | D:3      | Found a large runed translucent door.
  3529 | D:3      | Found a large runed translucent door.
  3531 | D:3      | Noticed ABBCCCDDDD's ghost (amateur GrNe)
  3865 | D:4      | Found a blossoming altar of Fedhas.
  4124 | D:4      | Reached *** piety under Trog
  4778 | D:5      | Entered Level 5 of the Dungeon
  4778 | D:5      | Noticed Eustachio
  4807 | D:5      | Killed Eustachio
  4808 | D:5      | Reached skill level 1 in Dodging
  4808 | D:5      | Reached XP level 8. HP: 55/60 MP: 0/0
  5046 | D:5      | Found a hazy altar of Hepliaklqana.
  5208 | D:5      | Noticed Dowan
  5208 | D:5      | Noticed Duvessa
  5268 | D:5      | Killed Duvessa
  5369 | D:5      | Noticed Pikel
  5456 | D:5      | Killed Pikel
  5457 | D:5      | Reached XP level 9. HP: 67/67 MP: 0/0
  5457 | D:5      | Learned a level 3 spell: Spider Form
  5520 | D:5      | Killed Dowan
  5765 | D:5      | Noticed Sigmund
  5776 | D:5      | Killed Sigmund
  6806 | D:6      | Reached skill level 5 in Shields
  7045 | D:6      | Noticed Blork the orc
  7197 | D:7      | Identified the +1 ring mail of Woyghaneud {rElec rPois
                  | Dex+4 Stlth-}
  7362 | D:7      | Reached XP level 10. HP: 64/75 MP: 0/0
  7801 | D:7      | Identified the +10 flail of Fary {antimagic, Str+3}
  7910 | D:7      | Reached skill level 1 in Stealth
  8003 | D:7      | Reached skill level 5 in Dodging
  8411 | D:7      | Found a staircase to the Ecumenical Temple.
  8562 | D:6      | Noticed Menkaure
  8575 | D:6      | Killed Menkaure
  9477 | D:8      | Found a staircase to the Lair.
  9781 | D:8      | Reached skill level 10 in Long Blades
 10387 | D:9      | Found a broken altar of Ashenzari.
 10563 | D:9      | Reached skill level 1 in Evocations
 10563 | D:9      | Reached XP level 11. HP: 84/84 MP: 0/0
 10563 | D:9      | Learned a level 5 spell: Summon Forest
 11126 | D:9      | Noticed a two-headed ogre
 11192 | D:9      | Noticed a two-headed ogre
 11405 | D:9      | Found a staircase to the Orcish Mines.
 11680 | Lair:1   | Entered Level 1 of the Lair of Beasts
 11680 | Lair:1   | Noticed a four-headed hydra
 11905 | D:3      | Killed ABBCCCDDDD's ghost
 12272 | D:6      | Killed Blork the orc
 12692 | D:10     | Entered Level 10 of the Dungeon
 13001 | D:10     | Reached **** piety under Trog
 13451 | D:10     | Found an opulent altar of Gozag.
 14372 | D:11     | Noticed a two-headed ogre
 14381 | D:11     | Killed a two-headed ogre
 14382 | D:11     | Reached skill level 10 in Fighting
 14604 | D:11     | Found a runed translucent door.
 14640 | D:11     | Found a gate leading to a gauntlet.
 14651 | Gauntlet | Entered a Gauntlet
 14651 | Gauntlet | Found a transporter.
 14658 | Gauntlet | Noticed a death drake
 14660 | Gauntlet | Found a transporter.
 14661 | Gauntlet | Found a runed translucent door.
 14678 | Gauntlet | Found a transporter.
 14678 | Gauntlet | Found a transporter.
 14684 | Gauntlet | Noticed a balrug
 14691 | Gauntlet | Found a transporter.
 14709 | Gauntlet | Found a transporter.
 14713 | Gauntlet | Found a transporter.
 14717 | Gauntlet | Found a transporter.
 14741 | Gauntlet | Noticed an entropy weaver
 14745 | Gauntlet | Found a transporter.
 14749 | Gauntlet | Found a transporter.
 14753 | Gauntlet | Found a transporter.
 14798 | Gauntlet | Found a transporter.
 14839 | Gauntlet | Killed a death drake
 14862 | Gauntlet | Identified the ring "Destojops" {rC- EV+4 Str+4 Int+3
                  | Dex-2}
 14978 | Gauntlet | Reached skill level 5 in Evocations
 15005 | Gauntlet | Identified the ring of Mupinol {rElec rC+ Will+ Int+3
                  | Stlth+}
 15156 | Gauntlet | Identified the +7 flail "Grim Tooth" {pain, +Rage rPois
                  | Str+8 Dex-3}
 15156 | Gauntlet | Noticed a minotaur
 15164 | Gauntlet | Slain by a minotaur

Illustrated notes

Levels and vault maps discovered:
D:1:      minmay_arrival_three_doors, layout_loops_ring,
          dilly_ecumenical_altar_fadedgnrine
D:2:      layout_rooms, corner_web_ring, kennysheep_generic_room_9, uniq_jessica
D:3:      layout_basic, elyvilon_altar_4, grunt_qazlal_sundering,
          nicolae_dithmenos_shadow_blocks, cheibrodos_sewer_entry_bend,
          ebering_ghost_disaster_area, minmay_divided_ellipse, uniq_ijyb,
          uniq_grinder
D:4:      layout_gridville, fedhas_altar_3
D:5:      layout_loops_ring, mainiacjoe_overflow_boulevard, marbit_many_paths,
          uniq_duvessa, uniq_eustachio, uniq_pikel, uniq_sigmund
D:6:      layout_layer_cave, lemuel_round_altar, uniq_blork_the_orc,
          uniq_menkaure
D:7:      layout_basic, lemuel_doored_altar, nicolae_overflow_hidden_temple,
          minmay_temple_entry_enclosed_plants
D:8:      layout_basic, erik_lair_orcish_takeover
D:9:      layout_stronghold, nicolae_overflow_crystal_walls, orc_0_dummy
D:10:     layout_loops_cross, nicolae_gozag_seed_capital, small_statue_alley_b
D:11:     gammafunk_indiana_jones, layout_irregular_city,
          gauntlet_entry_generic, uniq_urug
Lair:1:   wander_river, layout_regular_city, minmay_lair_oklob_chamber,
          infiniplex_staircase_pool
Gauntlet: minmay_gauntlet_mixed_oops_all_seconds
          [minmay_gauntlet_arena_77_chump_sandwich,
          nicolae_gauntlet_arena_flowing_pool, minmay_gauntlet_arena_77_path,
          gammafunk_gauntlet_arena_split_diamond,
          minmay_gauntlet_arena_77_braids, nicolae_gauntlet_arena_blocks,
          gauntlet_exit_green]

Skill      XL: |  1  2  3  4  5  6  7  8  9 10 11 |
---------------+----------------------------------+-----
Long Blades    | 2 3 4 5 6 7 8 10 | 10.9
Fighting       | 4 5 6 7 9 10 | 10.0
Dodging        | 1 3 4 5 |  5.6
Shields        | 4 5 6 |  6.4
Stealth        | 2 |  2.0
Evocations     | 1 5 |  5.0
Armour         | |  3.8

Action                   |  1- 3 |  4- 6 |  7- 9 | 10-12 || total
-------------------------+-------+-------+-------+-------++-------
Melee: Long sword        |    74 |   198 |   311 |   613 ||  1196
Throw: Dart              |       |       |    14 |     3 ||    17
Invok: Berserk           |     1 |     5 |    12 |    32 ||    50
       Trog's Hand       |       |     1 |     3 |    13 ||    17
Evoke: Wand              |       |     2 |     6 |     6 ||    14
  Use: Scroll            |       |       |     7 |     6 ||    13
       Potion            |       |       |       |     1 ||     1
Armor: Scale mail        |    35 |    75 |       |       ||   110
       Chain mail        |       |    48 |   217 |   282 ||   547
Dodge: Dodged            |    22 |    45 |    95 |   189 ||   351
Block: Kite shield       |    38 |   110 |   203 |   323 ||   674
       Rpst.: Long sword |     6 |    16 |    27 |    53 ||   102
